[Event "2nd Namma Bengaluru Open-A 2025"]
[Site "Bengaluru"]
[Date "2025.04.12"]
[Round "4.21"]
[White "Padmini, Rout"]
[Black "Singgih, Diajeng Theresa"]
[Result "1-0"]
[Annotator "ChessBase"]
[ECO "A13"]
[WhiteElo "2354"]
[BlackElo "1931"]
[PlyCount "115"]
[EventDate "2025.04.10"]
[EventType "swiss"]
[EventCountry "IND"]
[SourceTitle "playchess.com"]
[Source "ChessBase"]
[SourceQuality "1"]
[TimeControl "5400+30"]

1. Nf3 d5 2. g3 Nf6 3. Bg2 c5 4. O-O e6 5. c4 d4 6. e3 Nc6 7. exd4 Nxd4 8. Nxd4 Qxd4 9. d3 Be7 10. Nc3 O-O 11. Be3 Qd8 12. d4 cxd4 13. Qxd4 Qa5 14. c5 Rd8 15. Qc4 e5 16. Nd5 Be6 17. Nxe7+ Kf8 18. Qc2 Kxe7 19. Bxb7 Rab8 20. c6 Qc7 21. Qc5+ Ke8 22. Qxa7 Nd5 23. Rfd1 f5 24. Qa4 Kf7 25. Ba7 Rxb7 26. cxb7 Qxb7 27. Bc5 Qxb2 28. Rab1 Qe2 29. Re1 Qf3 30. Rb7+ Kg8 31. Qb3 Qxb3 32. axb3 Nc3 33. Re7 Bxb3 34. R7xe5 Bc2 35. Re8+ Rxe8 36. Rxe8+ Kf7 37. Rf8+ Kg6 38. f3 f4 39. gxf4 Nd5 40. Kf2 Nf6 41. Bd4 Bf5 42. Bxf6 gxf6 43. Rg8+ Kf7 44. Rg1 Ke6 45. Ke3 Bg6 46. Ra1 Bf5 47. Ra5 Bg6 48. Kf2 Bf5 49. Kg3 Bd3 50. Kg4 Kf7 51. Kh5 Ke6 52. Kh6 Bg6 53. h4 Bf5 54. h5 Bc2 55. Kg7 Bd3 56. Ra3 Bc2 57. Ra6+ Ke7 58. Rxf6 1-0

[Event "2nd Namma Bengaluru Open-A 2025"]
[Site "Bengaluru"]
[Date "2025.04.12"]
[Round "4.22"]
[White "Harshit Ranjan Sahu"]
[Black "Krishnan, Ritvik"]
[Result "1-0"]
[Annotator "ChessBase"]
[ECO "C01"]
[WhiteElo "2142"]
[BlackElo "2316"]
[PlyCount "161"]
[EventDate "2025.04.10"]
[EventType "swiss"]
[EventCountry "IND"]
[SourceTitle "playchess.com"]
[Source "ChessBase"]
[SourceQuality "1"]
[TimeControl "5400+30"]

1. e4 e6 2. d4 d5 3. exd5 exd5 4. Nf3 Nc6 5. c3 Bf5 6. Bd3 Qd7 7. Qc2 Bxd3 8. Qxd3 Bd6 9. O-O O-O-O 10. b4 f6 11. Nbd2 g5 12. Nb3 h5 13. a4 h4 14. Ba3 Nce7 15. b5 Qf5 16. Qe2 Bxa3 17. Rxa3 Ng6 18. Ne1 Nf4 19. Qa2 Re8 20. Nc1 h3 21. g3 Ng2 22. Qc2 Re4 23. Ncd3 Nh6 24. Qd1 Ng4 25. Qf3 Qe6 26. Ra1 Kb8 27. Nc2 b6 28. a5 Re8 29. Ncb4 Kc8 30. Nc6 N2e3 31. axb6 axb6 32. fxe3 Rxe3 33. Qf5 Qxf5 34. Rxf5 Rxd3 35. Ra8+ Kd7 36. Rxd5+ Ke6 37. Rxe8+ Kxd5 38. Nb4+ Kc4 39. Nxd3 Kxd3 40. Rc8 Kxc3 41. Rxc7+ Kxd4 42. Rc6 Kd5 43. Rxb6 Kc4 44. Rb8 Kc5 45. b6 Kc6 46. b7 Kc7 47. Rh8 Kxb7 48. Rxh3 Kc6 49. Rh8 Kd6 50. Re8 Ne5 51. h3 Kd7 52. Ra8 Ke6 53. Kf2 f5 54. Ke3 Ng6 55. Ra6+ Kf7 56. Kd4 Kg7 57. Ra5 Kf6 58. Ra1 Ke6 59. Rf1 Kf6 60. Kd5 Ne7+ 61. Kd6 Ng6 62. Rf2 Ne5 63. Kd5 Ng6 64. Kd4 Ke6 65. Rh2 Kf6 66. Rh1 f4 67. gxf4 Nxf4 68. Ke4 Nh5 69. Rg1 Ng7 70. Ra1 Kg6 71. Ke5 Kh5 72. Ra8 Kg6 73. Rf8 Nh5 74. Rg8+ Ng7 75. Ra8 Nh5 76. Ra6+ Kg7 77. Kf5 Ng3+ 78. Kxg5 Ne4+ 79. Kf4 Nf6 80. h4 Ng8 81. Kg5 1-0

[Event "2nd Namma Bengaluru Open-A 2025"]
[Site "Bengaluru"]
[Date "2025.04.12"]
[Round "4.23"]
[White "Gyana Sai Santhosh M"]
[Black "Karthikeyan, P.."]
[Result "0-1"]
[Annotator "ChessBase"]
[ECO "D90"]
[WhiteElo "2062"]
[BlackElo "2312"]
[PlyCount "74"]
[EventDate "2025.04.10"]
[EventType "swiss"]
[EventCountry "IND"]
[SourceTitle "playchess.com"]
[Source "ChessBase"]
[SourceQuality "1"]
[TimeControl "5400+30"]

1. d4 Nf6 2. c4 g6 3. Nc3 d5 4. Nf3 Bg7 5. h4 c6 6. cxd5 cxd5 7. Bf4 Nc6 8. e3 O-O 9. Be2 Bg4 10. Ne5 Bxe2 11. Qxe2 Rc8 12. O-O e6 13. Nf3 Ne4 14. Rfc1 h6 15. Bh2 a6 16. Nxe4 dxe4 17. Nd2 f5 18. h5 gxh5 19. Qxh5 Qe7 20. Bf4 Kh7 21. a3 Rcd8 22. Rc2 e5 23. dxe5 Nxe5 24. Bxe5 Bxe5 25. g3 Qg7 26. Nc4 Bb8 27. Kg2 Rd3 28. Rh1 f4 29. exf4 Bxf4 30. Rh3 b5 31. Na5 e3 32. Qf3 Rd2 33. Rxd2 exd2 34. Nb3 Be3 35. Qe4+ Qg6 36. Qxg6+ Kxg6 37. Rh1 Rxf2+ 0-1

[Event "2nd Namma Bengaluru Open-A 2025"]
[Site "Bengaluru"]
[Date "2025.04.12"]
[Round "4.24"]
[White "Daksh Goyal"]
[Black "Podolchenko, Evgeniy"]
[Result "1/2-1/2"]
[Annotator "ChessBase"]
[ECO "E07"]
[WhiteElo "2051"]
[BlackElo "2307"]
[PlyCount "73"]
[EventDate "2025.04.10"]
[EventType "swiss"]
[EventCountry "IND"]
[SourceTitle "playchess.com"]
[Source "ChessBase"]
[SourceQuality "1"]
[TimeControl "5400+30"]

1. Nf3 Nf6 2. g3 d5 3. Bg2 e6 4. d4 Be7 5. c4 O-O 6. Nc3 c6 7. O-O Nbd7 8. Qd3 b6 9. e4 Ba6 10. b3 Rc8 11. Rd1 c5 12. exd5 exd5 13. dxc5 dxc4 14. Qb1 bxc5 15. Bh3 Bb7 16. Ng5 g6 17. Bf4 Bc6 18. bxc4 Nh5 19. Bxd7 Bxd7 20. Qb7 Bc6 21. Qxa7 Ra8 22. Rxd8 Rxa7 23. Rxf8+ Bxf8 24. Rb1 h6 25. Nge4 f5 26. Nd2 Bg7 27. Nd5 Bxd5 28. cxd5 Nxf4 29. gxf4 Rd7 30. Rc1 Rxd5 31. Nb3 Bf8 32. a4 Rd3 33. Nxc5 Bxc5 34. Rxc5 Rd4 35. Rc6 Rxa4 36. Rxg6+ Kh7 37. Rg3 1/2-1/2

[Event "2nd Namma Bengaluru Open-A 2025"]
[Site "Bengaluru"]
[Date "2025.04.12"]
[Round "4.25"]
[White "Tarun V"]
[Black "Ajay Santhosh Parvathareddy"]
[Result "0-1"]
[Annotator "ChessBase"]
[ECO "D24"]
[WhiteElo "1917"]
[BlackElo "2297"]
[PlyCount "66"]
[EventDate "2025.04.10"]
[EventType "swiss"]
[EventCountry "IND"]
[SourceTitle "playchess.com"]
[Source "ChessBase"]
[SourceQuality "1"]
[TimeControl "5400+30"]

1. d4 Nf6 2. c4 e6 3. Nf3 d5 4. Bg5 dxc4 5. Nc3 a6 6. a4 Bb4 7. e4 h6 8. Bxf6 Qxf6 9. Bxc4 c5 10. O-O cxd4 11. e5 Qe7 12. Qxd4 Nc6 13. Qg4 Bd7 14. Rac1 Kf8 15. Ne4 Na5 16. Ba2 Bc6 17. Rfd1 Bxa4 18. Rd6 Bc6 19. Nc5 Bxc5 20. Rxc5 h5 21. Qf4 Bxf3 22. gxf3 g5 23. Qd4 Nc6 24. Rcxc6 bxc6 25. Rd7 Qe8 26. Qd6+ Kg8 27. Re7 Qd8 28. Bxe6 Qxd6 29. Bxf7+ Kf8 30. exd6 Rh7 31. Bd5 Rxe7 32. dxe7+ Kxe7 33. Bxc6 Rb8 0-1

[Event "2nd Namma Bengaluru Open-A 2025"]
[Site "Bengaluru"]
[Date "2025.04.12"]
[Round "4.26"]
[White "Chanda, Sandipan"]
[Black "Gaikwad Manas"]
[Result "1/2-1/2"]
[Annotator "ChessBase"]
[ECO "A45"]
[WhiteElo "2485"]
[BlackElo "2142"]
[PlyCount "116"]
[EventDate "2025.04.10"]
[EventType "swiss"]
[EventCountry "IND"]
[SourceTitle "playchess.com"]
[Source "ChessBase"]
[SourceQuality "1"]
[TimeControl "5400+30"]

1. d4 Nf6 2. Bf4 e6 3. e3 c5 4. c3 b6 5. Nd2 cxd4 6. exd4 Ba6 7. Bxa6 Nxa6 8. Nc4 Qc8 9. Qe2 b5 10. Ne3 Nc7 11. Nf3 Ncd5 12. Nxd5 Nxd5 13. Bd2 Rb8 14. O-O Be7 15. a4 Qc4 16. Qd1 a6 17. axb5 axb5 18. Ra7 d6 19. b3 Qc6 20. Qc2 O-O 21. Rfa1 Rfc8 22. R1a6 Rb6 23. Rxb6 Qxb6 24. Qa2 Nxc3 25. Bxc3 Rxc3 26. h3 Bf8 27. Ra8 h6 28. d5 e5 29. Re8 Qb7 30. Qa5 Rc7 31. Nd2 g6 32. Ne4 Kg7 33. Kh2 Be7 34. Nc3 b4 35. Ne4 f5 36. Rxe7+ Rxe7 37. Nxd6 Qa7 38. Qxb4 Rd7 39. Ne8+ Kf7 40. Nd6+ Kg7 41. Ne8+ Kf7 42. Nd6+ Kg8 43. f3 Qc7 44. Nb5 Qc1 45. Qc4 Qf4+ 46. Kg1 Qe3+ 47. Kh1 Qb6 48. b4 Kg7 49. d6 Kf6 50. Nc7 Rxd6 51. Ne8+ Ke7 52. Nxd6 Qxd6 53. b5 f4 54. Qb3 Qb6 55. Qg8 Qxb5 56. Qg7+ Kd8 57. Qxh6 Qb1+ 58. Kh2 Qf5 1/2-1/2

[Event "2nd Namma Bengaluru Open-A 2025"]
[Site "Bengaluru"]
[Date "2025.04.12"]
[Round "4.27"]
[White "Esshan Wadhawan"]
[Black "Ayush Sharma"]
[Result "0-1"]
[Annotator "ChessBase"]
[ECO "A06"]
[WhiteElo "2132"]
[BlackElo "2485"]
[PlyCount "50"]
[EventDate "2025.04.10"]
[EventType "swiss"]
[EventCountry "IND"]
[SourceTitle "playchess.com"]
[Source "ChessBase"]
[SourceQuality "1"]
[TimeControl "5400+30"]

1. Nf3 Nf6 2. b3 d5 3. Bb2 c5 4. e3 Nc6 5. d4 Bg4 6. Be2 e6 7. O-O cxd4 8. Nxd4 Bxe2 9. Qxe2 Bc5 10. Nd2 Bxd4 11. exd4 O-O 12. Rfd1 Rb8 13. a4 Qb6 14. Nf3 Rfc8 15. Ne5 a6 16. Rac1 Rc7 17. Rd3 Rbc8 18. c4 Nxe5 19. dxe5 dxc4 20. bxc4 Nd5 21. Rdd1 Nf4 22. Qd2 Ng6 23. Ba3 h6 24. Qe2 Qb3 25. Rd3 Nf4 0-1

[Event "2nd Namma Bengaluru Open-A 2025"]
[Site "Bengaluru"]
[Date "2025.04.12"]
[Round "4.28"]
[White "Neelash Saha"]
[Black "Jihan Tejas Shah"]
[Result "1-0"]
[Annotator "ChessBase"]
[ECO "A49"]
[WhiteElo "2460"]
[BlackElo "2131"]
[PlyCount "147"]
[EventDate "2025.04.10"]
[EventType "swiss"]
[EventCountry "IND"]
[SourceTitle "playchess.com"]
[Source "ChessBase"]
[SourceQuality "1"]
[TimeControl "5400+30"]

1. Nf3 Nf6 2. b3 g6 3. Bb2 Bg7 4. g3 O-O 5. Bg2 d6 6. d4 a5 7. O-O a4 8. c4 axb3 9. axb3 Rxa1 10. Bxa1 c6 11. Nc3 Na6 12. Qd2 Bg4 13. h3 Bxf3 14. Bxf3 d5 15. e3 Qd7 16. Bg2 e6 17. Rb1 Qe7 18. Na4 b5 19. Qa5 Qb7 20. cxb5 cxb5 21. Nb2 Ra8 22. Bf1 Ne4 23. Qe1 Rc8 24. Nd3 b4 25. Bb2 Rc2 26. Ra1 Nb8 27. Rc1 Rxc1 28. Bxc1 Bf8 29. f3 Nf6 30. Bd2 Nc6 31. Qa1 Qc7 32. Kg2 Nh5 33. Be1 Bd6 34. Nf4 Nxf4+ 35. gxf4 Qa7 36. Qb1 Nxd4 37. exd4 Qxd4 38. Bg3 Qd2+ 39. Kh1 Bxf4 40. Qe1 Qd4 41. Bxf4 Qxf4 42. Kg2 Qd4 43. Qc1 Kg7 44. Be2 h5 45. f4 e5 46. fxe5 Qxe5 47. Qd2 h4 48. Kf1 Qd6 49. Bf3 d4 50. Be2 Qf6+ 51. Ke1 Qe5 52. Kd1 Qc5 53. Bc4 Qd6 54. Qf2 f6 55. Qxh4 Qh2 56. Qe1 Qxh3 57. Qe7+ Kh6 58. Qxf6 Qc3 59. Qh4+ Kg7 60. Qe4 Kf6 61. Ke2 Kg7 62. Qd3 Kf6 63. Kf3 Ke5 64. Kg4 Qe1 65. Qg3+ Qxg3+ 66. Kxg3 Ke4 67. Kf2 d3 68. Ke1 Ke3 69. Kd1 d2 70. Bb5 g5 71. Be2 g4 72. Bxg4 Kd3 73. Be6 Kc3 74. Bc4 1-0

[Event "2nd Namma Bengaluru Open-A 2025"]
[Site "Bengaluru"]
[Date "2025.04.12"]
[Round "4.28"]
[White "Neelash Saha"]
[Black "Jihan Tejas Shah"]
[Result "*"]
[Annotator "RC"]
[ECO "A49"]
[WhiteElo "2460"]
[BlackElo "2131"]
[PlyCount "21"]
[EventDate "2025.04.10"]
[EventType "swiss"]
[EventCountry "IND"]
[SourceTitle "playchess.com"]
[Source "ChessBase"]
[SourceQuality "1"]
[TimeControl "5400+30"]

1. Nf3 Nf6 2. b3 g6 3. Bb2 Bg7 4. g3 O-O 5. Bg2 d6 6. d4 a5 7. O-O a4 8. c4 axb3 9. axb3 Ra5 10. Ra2 Rxa2 11. Ba1 *

[Event "2nd Namma Bengaluru Open-A 2025"]
[Site "Bengaluru"]
[Date "2025.04.12"]
[Round "4.29"]
[White "Vandan Alankar Sawai"]
[Black "Savchenko, Boris"]
[Result "1/2-1/2"]
[Annotator "ChessBase"]
[ECO "B94"]
[WhiteElo "2131"]
[BlackElo "2459"]
[PlyCount "112"]
[EventDate "2025.04.10"]
[EventType "swiss"]
[EventCountry "IND"]
[SourceTitle "playchess.com"]
[Source "ChessBase"]
[SourceQuality "1"]
[TimeControl "5400+30"]

1. e4 c5 2. Nf3 d6 3. d4 cxd4 4. Nxd4 Nf6 5. Nc3 a6 6. Bg5 Nbd7 7. Qe2 g6 8. f4 Bg7 9. O-O-O O-O 10. g4 Qc7 11. f5 b5 12. h4 Bb7 13. Bg2 Qc4 14. Qxc4 bxc4 15. Bxf6 Nxf6 16. Bf3 Rac8 17. g5 Nd7 18. Rhf1 Rc5 19. Bg4 Ne5 20. Be2 Nd3+ 21. cxd3 Bxd4 22. dxc4 Bxc3 23. bxc3 Ra5 24. Rd2 Bxe4 25. f6 Re8 26. fxe7 Rxe7 27. Rf6 d5 28. cxd5 Bxd5 29. Rxa6 Rc5 30. Kd1 Kg7 31. Rd6 Be6 32. Rc2 Bf5 33. Bd3 h6 34. gxh6+ Kxh6 35. Bxf5 Rxf5 36. Rd4 Rf1+ 37. Kd2 f5 38. c4 f4 39. c5 Kh5 40. Rcc4 f3 41. Re4 Rf7 42. Rf4 Rd7+ 43. Ke3 Re7+ 44. Rfe4 Rf7 45. Rf4 Re7+ 46. Rce4 Rxe4+ 47. Rxe4 Rc1 48. Re5+ Kxh4 49. Kxf3 g5 50. Ke4 g4 51. Kd5 g3 52. Re2 Rd1+ 53. Kc6 Kh3 54. Kb7 Rb1+ 55. Ka6 Rc1 56. Kb6 Rb1+ 1/2-1/2

[Event "2nd Namma Bengaluru Open-A 2025"]
[Site "Bengaluru"]
[Date "2025.04.12"]
[Round "4.30"]
[White "Audi Ameya"]
[Black "Avadhoot Lokesh Bhakti Brahme"]
[Result "1-0"]
[Annotator "ChessBase"]
[ECO "A13"]
[WhiteElo "2404"]
[BlackElo "2112"]
[PlyCount "73"]
[EventDate "2025.04.10"]
[EventType "swiss"]
[EventCountry "IND"]
[SourceTitle "playchess.com"]
[Source "ChessBase"]
[SourceQuality "1"]
[TimeControl "5400+30"]

1. Nf3 Nf6 2. c4 e6 3. e3 b6 4. b3 Bb7 5. Bb2 d5 6. Nc3 Nbd7 7. Rc1 a6 8. cxd5 exd5 9. Ne2 g6 10. g3 Bg7 11. Bg2 Rc8 12. O-O O-O 13. Nf4 Qe7 14. Rc2 c5 15. Qa1 Rfd8 16. Rfc1 b5 17. h4 h5 18. Ne1 Nf8 19. Ned3 c4 20. bxc4 dxc4 21. Bxb7 Qxb7 22. Bxf6 Bxf6 23. Qxf6 cxd3 24. Rxc8 Rxc8 25. Nxd3 Rxc1+ 26. Nxc1 a5 27. Qb2 Ne6 28. a4 b4 29. Nb3 Qd5 30. Qc2 g5 31. e4 Qe5 32. hxg5 Nxg5 33. Qc8+ Kg7 34. Qf5 Qxf5 35. exf5 Kf6 36. Kg2 Kxf5 37. Nxa5 1-0